 Dungeon Crawl Stone Soup version 0.25.1-2-g60ff931df9 (webtiles) character file.

Game seed: 3525594716689440624

551698 Johnny the Metallomancer (level 24, -3/202 HPs)
             Began as a Demigod Earth Elementalist on Oct 9, 2020.
             Killed by divine providence
             ... invoked by a greater mummy
              (12 damage)
             ... on level 7 of a ziggurat.
             The game lasted 02:09:39 (78892 turns).

Johnny the Metallomancer (DgEE)                    Turns: 78892, Time: 02:09:39

Health: -3/202     AC: 14    Str:  9    XL:     24   Next: 36%
Magic:  39/64      EV: 12    Int: 35    God:
Gold:   3217       SH: 19    Dex: 18    Spells: 26/66 levels left

rFire    + . .     SeeInvis .   k - staff of earth
rCold    + + +     Gourm    .   j - +5 kite shield {rC+ rF+}
rNeg     . . .     Faith    .   X - +4 troll leather armour
rPois    .         Spirit   .   n - +0 helmet of Weryq {Dex+2}
rElec    +         Reflect  .   o - scarf {repulsion}
rCorr    +         Harm     .   A - +1 pair of gloves
MR       ++...                  g - +2 pair of boots of Transparent Surprise {rC+}
Stlth    ++........             H - amulet of magic regeneration
HPRegen  0.83/turn              Z - ring of magical power
MPRegen  0.64/turn              D - ring "Xyicigil" {rElec rC+ rCorr}

@: slowed, repel missiles, very slow
A: deterioration 1, high mp 1, weak 1
}: 2/15 runes: decaying, serpentine
a: no special abilities


You were on level 7 of a ziggurat.
You were very full.

You visited 9 branches of the dungeon, and saw 45 of its levels.
You visited 1 ziggurat, and saw 7 of its levels.
You also visited: Bailey, Gauntlet and Ice Cave.

You collected 8444 gold pieces.
You spent 5227 gold pieces at shops.

Inventory:

Missiles
 b - 886 stones (quivered)
Armour
 g - the +2 pair of boots of Transparent Surprise (worn) {rC+}
   (You acquired it on level 13 of the Dungeon)

   It protects you from cold.
 j - a +5 kite shield of resistance (worn)
 n - the +0 helmet of Weryq (worn) {Dex+2}
   (You found it on level 2 of the Depths)

   It affects your dexterity (+2).
 o - a scarf of repulsion (worn)
 t - a scarf of resistance
 A - a +1 pair of gloves (worn)
 X - a +4 troll leather armour (worn)
Magical Staves
 k - an uncursed staff of earth (weapon)
Jewellery
 m - an uncursed ring of poison resistance
 x - the ring of the Mage {Wiz MR++ Int+3}
   (You found it on level 5 of a ziggurat)

   [ring of wizardry]

   It improves your spell success rate.
   It affects your intelligence (+3).
   It affects your resistance to hostile enchantments.
 D - the ring "Xyicigil" (right hand) {rElec rC+ rCorr}
   (You found it on level 2 of the Swamp)

   [ring of resist corrosion]

   It protects you from cold.
   It insulates you from electricity.
   It provides partial protection from all sources of acid and corrosion.
 H - an amulet of magic regeneration (around neck)
 L - an uncursed amulet of regeneration
 S - the amulet "Kaerrokho" {Acrobat MR+ Int+4 Dex-5 Slay+2}
   (You acquired it on level 2 of the Orcish Mines)

   [amulet of the acrobat]

   It helps you evade while moving and waiting.
   It affects your intelligence (+4).
   It affects your dexterity (-5).
   It affects your accuracy and damage with ranged weapons and melee attacks
   (+2).
   It affects your resistance to hostile enchantments.
 Z - a ring of magical power (left hand)
Wands
 M - a wand of iceblast (24)
 T - a wand of paralysis (11)
 Y - a wand of digging (3)
Scrolls
 a - 18 scrolls of teleportation
 f - 4 scrolls of immolation
 i - 7 scrolls of fog
 p - 4 scrolls of blinking
 q - 3 scrolls of fear
 s - 23 scrolls of remove curse
 w - 2 scrolls of silence
 y - 3 scrolls of identify
 C - 4 scrolls of enchant armour
 E - 3 scrolls of holy word
 F - 9 scrolls of magic mapping
 K - 4 scrolls of vulnerability
Potions
 c - 5 potions of resistance
 e - 17 potions of curing
 r - 14 potions of brilliance
 u - 15 potions of flight
 v - 3 potions of stabbing
 z - 6 potions of lignification
 B - 4 potions of might
 I - a potion of magic
 P - 7 potions of mutation
 R - 3 potions of heal wounds
 U - 7 potions of haste
 W - 2 potions of cancellation
Miscellaneous
 h - a lightning rod (4/4)
 G - 3 phantom mirrors
 N - 3 boxes of beasts
 V - a phial of floods
Comestibles
 d - 23 rations


   Skills:
 - Level 13.9 Fighting
 - Level 1.7 Dodging
 - Level 1.7 Stealth
 + Level 17.2 Shields
 + Level 21.8 Spellcasting
 - Level 0.8 Transmutations
 - Level 25.2 Earth Magic


You had 26 spell levels left.
You knew the following spells:

 Your Spells              Type           Power        Failure   Level  Hunger
a - Sandblast             Erth           ######       0%          1    None
b - Stone Arrow           Conj/Erth      ######       1%          3    None
c - Lee's Rapid Deconstr  Erth           ########..   0%          5    None
d - Petrify               Tmut/Erth      ########     1%          4    None
e - Blink                 Tloc           N/A          1%          2    None
f - Iron Shot             Conj/Erth      ########..   1%          6    None
g - Mephitic Cloud        Conj/Pois/Air  #####...     3%          3    None
h - Shatter               Erth           ########..   3%          9    #####..
i - Shroud of Golubria    Chrm/Tloc      #####.       1%          2    None
j - Borgnjor's Vile Clut  Necr/Erth      ########..   1%          5    None

Your spell library contained the following spells:

 Spells                   Type           Power        Failure   Level  Hunger
 Passwall                 Tmut/Erth      ########     0%          2    None
 Beastly Appendage        Tmut           #####.       1%          1    None
 Corona                   Hex            #####..      1%          1    None
 Freeze                   Ice            ####         1%          1    None
 Infusion                 Chrm           ####         1%          1    None
 Magic Dart               Conj           ####         1%          1    None
 Shock                    Conj/Air       ####         1%          1    None
 Sting                    Tmut/Pois      ####         1%          1    None
 Summon Butterflies       Summ           #####...     1%          1    None
 Call Imp                 Summ           #####...     1%          2    None
 Poisonous Vapours        Pois/Air       #####.       1%          2    None
 Searing Ray              Conj           #####.       1%          2    None
 Slow                     Hex            #####...     1%          2    None
 Song of Slaying          Chrm           #####...     1%          2    None
 Sticks to Snakes         Tmut           #####...     1%          2    None
 Swiftness                Chrm/Air       #####...     1%          2    None
 Leda's Liquefaction      Hex/Erth       ########..   1%          4    None
 Bolt of Magma            Conj/Fire/Erth #######...   1%          5    None
 Statue Form              Tmut/Erth      ########.    1%          6    None
 Ignite Poison            Fire/Tmut/Pois #####...     2%          3    None
 Spider Form              Tmut/Pois      #####.....   2%          3    None
 Call Canine Familiar     Summ           #####...     3%          3    None
 Confusing Touch          Hex            #####...     3%          3    None
 Conjure Flame            Conj/Fire      #####...     3%          3    None
 Dazzling Flash           Conj/Hex       #####.       3%          3    None
 Frozen Ramparts          Ice            #####.       3%          3    None
 Gell's Gravitas          Tloc           #####.....   3%          3    None
 Inner Flame              Hex/Fire       #####...     3%          3    None
 Ozocubu's Armour         Chrm/Ice       #####...     3%          3    None
 Portal Projectile        Hex/Tloc       #####.       3%          3    None
 Recall                   Summ/Tloc      N/A          3%          3    None
 Spectral Weapon          Hex/Chrm       #####...     3%          3    None
 Static Discharge         Conj/Air       #####...     3%          3    None
 Ice Form                 Ice/Tmut       #####...     9%          4    None
 Airstrike                Air            #####.....   11%         4    None
 Animate Dead             Necr           N/A          11%         4    None
 Cause Fear               Hex            #####.....   11%         4    None
 Fulminant Prism          Conj/Hex       #####.....   11%         4    None
 Hailstorm                Conj/Ice       #####...     11%         4    None
 Iskenderun's Mystic Bla  Conj/Tloc      #####...     11%         4    None
 Olgreb's Toxic Radiance  Pois           #####...     11%         4    None
 Summon Ice Beast         Ice/Summ       #####...     11%         4    None
 Summon Lightning Spire   Summ/Air       #####...     11%         4    None
 Blade Hands              Tmut           #####.....   21%         5    None
 Irradiate                Conj/Tmut      #####.....   24%         5    None
 Yara's Violent Unravell  Hex/Tmut       #####.....   24%         5    None
 Aura of Abjuration       Summ           #####.....   28%         5    None
 Excruciating Wounds      Chrm/Necr      #####.....   28%         5    None
 Iskenderun's Battlesphe  Conj/Chrm      #####...     28%         5    None
 Lightning Bolt           Conj/Air       #####.....   28%         5    None
 Metabolic Englaciation   Hex/Ice        #####.....   28%         5    None
 Silence                  Hex/Air        #####.....   28%         5    None
 Summon Demon             Summ           #####.....   28%         5    None
 Summon Forest            Summ/Tloc      #####.....   28%         5    None
 Summon Mana Viper        Hex/Summ       #####...     28%         5    None
 Hydra Form               Tmut           #####.....   75%         6    None
 Conjure Ball Lightning   Conj/Air       #####.....   85%         6    None
 Death Channel            Necr           #####.....   85%         6    None
 Freezing Cloud           Conj/Ice/Air   #####.....   85%         6    None
 Ozocubu's Refrigeration  Ice            #####.....   85%         6    None
 Shadow Creatures         Summ           N/A          85%         6    None
 Simulacrum               Ice/Necr       #####.....   85%         6    None
 Dragon Form              Tmut           #####.....   99%         7    None
 Orb of Destruction       Conj           #####.....   100%        7    None
 Ring of Flames           Chrm/Fire      #####.....   100%        7    None
 Spellforged Servitor     Conj/Summ      #####.....   100%        7    None
 Summon Hydra             Summ           #####.....   100%        7    None
 Discord                  Hex            #####.....   100%        8    ###....
 Tornado                  Air            #####.....   100%        9    #####..


Dungeon Overview and Level Annotations

Branches:
Dungeon (15/15)            Temple (0/1) D:7            Lair (6/6) D:8
  Swamp (4/4) Lair:3        Snake (4/4) Lair:4        Slime (1/5) Lair:5
    Orc (2/2) D:11            Elf (3/3) Orc:2        Vaults (5/5) D:13
  Crypt (0/3) Vaults:3     Depths (5/5) D:15            Zot (0/5) Depths:5
 Bailey (visited)           IceCv (visited)         Gauntlet (visited)

Shops:
D:6 :*:*   Orc:1 (   Orc:2 **?(   Elf:1 [   Elf:2 **   Snake:2 *   Vaults:4 !
Depths:1 }==

Portals:
Hell: Depths:1 Depths:2 Depths:3 Depths:4 Depths:5
Abyss: Depths:3 Depths:4
Pandemonium: Depths:1 Depths:3

Annotations:
D:13 3 runed translucent doors
Lair:1 exclusion: oklob plant
Orc:2 2 runed translucent doors, exclusion: orange crystal statue


Innate Abilities, Weirdness & Mutations

You have an increased reservoir of magic. (+10% MP)
Your body sometimes deteriorates upon taking damage.
You are weak. (Str -2)


Message History

Your body is wracked with pain!
* * * LOW HITPOINT WARNING * * *
You feel extremely nervous for a moment...
Pain shoots through your body!!
* * * LOW HITPOINT WARNING * * *
A mummy comes into view.
The greater mummy mumbles some strange words.
Unknown command.
Casting: Shatter (dangerous; 3% risk of failure)
Confirm with . or Enter, or press ? or * to list all spells.
You feel a surge of power!
The dungeon rumbles!
The wraith is heavily damaged.
You destroy the necrophage!
The necrophage's corpse disappears in a puff of smoke!
The greater mummy is almost destroyed.
You destroy the mummy! x2; You destroy the flying skull!
The greater mummy gestures at you while chanting.
Something smites you!
You die...

▓▓ ▓▓▓▓▓.▓▓▓▓▓
▓▓.........▓▓
▓▓........°..▓
▓▓.........Z...
▓........W.M.)?
▓▓.........§..°∩
▓..∩....@.....?>
▓▓............=∩
▓.........†...[
▓▓.............
▓▓...........▓
▓▓.........▓▓
▓▓▓▓▓.▓▓▓▓▓ ▓▓


You could see a greater mummy, a spectral spark wasp (summoned) and a wraith
(summoned).

Vanquished Creatures
  6 juggernauts
  A greater mummy (Zig:7)
  A pandemonium lord (Zig:5)
  the Lernaean hydra (Swamp:4)
  4 caustic shrikes (Depths:4)
  5 golden dragons
  A bone dragon (Depths:5)
  A Brimstone Fiend (Zig:5)
  4 tentacled monstrosities
  5 liches
  Rupert (D:13)
  2 quicksilver dragons (Depths:4)
  2 deep elf blademasters (Elf:3)
  3 sphinxes
  2 deep elf master archers (Elf:3)
  2 titans
  The ghost of Bymiel the Warrior, an adept MiFi of the Shining One (Snake:2)
  Frances (D:13)
  Kirke (D:13)
  9 tengu reavers
  2 thorn hunters (Swamp:1)
  Donald (Vaults:3)
  4 storm dragons
  3 shadow dragons
  An azure jelly (shapeshifter) (Depths:3)
  13 fire giants
  A draconian knight (Zig:6)
  7 deep elf sorcerers
  14 frost giants
  Aizul (Swamp:3)
  The ghost of harness the Transmogrifier, a journeyman DrTm of Wu Jian (Elf:2)
  8 nagarajas
  A fire giant (shapeshifter) (Zig:4)
  2 iron dragons
  A corrupter (Zig:5)
  A ghost moth (Zig:2)
  A cacodemon (Zig:5)
  13 vault wardens
  Louise (D:14)
  15 ironheart preservers
  5 deep elf elementalists
  A war gargoyle (Vaults:5)
  2 spriggan defenders
  4 vampire knights
  32 very ugly things
  4 entropy weavers
  19 stone giants
  2 black draconians (Depths:5)
  2 green draconians (Depths:5)
  A yellow draconian (Depths:5)
  2 dire elephants (Lair:6)
  Nessos (D:14)
  10 deep elf demonologists
  7 deep elf annihilators
  A spark wasp (shapeshifter) (Depths:3)
  A minotaur (Gauntlet)
  9 spark wasps
  Snorg (D:13)
  A crystal guardian (Vaults:4)
  8 deep elf death magi
  17 ettins
  A blizzard demon (Depths:2)
  An eidolon (Vaults:3)
  14 fire dragons
  2 jiangshi (Depths:2)
  Josephine (Lair:5)
  11 yaktaur captains
  3 deep elf high priests
  6 great orbs of eyes
  15 naga warriors
  7 ice dragons
  3 rakshasas
  23 hydras
  36 vault guards
  4 ghost crabs
  A shambling mangrove (Swamp:1)
  An alligator (shapeshifter) (Depths:4)
  11 centaur warriors
  3 death knights (Vaults:1)
  The ghost of DerDa the Arsonist, a journeyman OpFE of Sif Muna (D:10)
  2 catoblepae (Lair:6)
  9 spriggan air magi
  6 alligators
  6 anacondas
  27 dancing weapons
  5 vampire magi
  10 deep troll shamans
  A death scarab (Zig:7)
  39 two-headed ogres
  9 tengu warriors
  2 death yaks
  2 titan zombies
  9 deep troll earth magi
  15 ogre magi
  10 spriggan berserkers
  3 orc high priests (Orc:2)
  10 shock serpents
  7 naga sharpshooters
  A shock serpent (shapeshifter) (Depths:2)
  Nergalle (Orc:1)
  22 deep elf knights
  Urug (D:11)
  3 soul eaters (Depths:2)
  2 sun demons (Depths:2)
  4 skeletal warriors
  A storm dragon zombie (Vaults:3)
  2 shadow wraiths
  26 hell knights
  4 salamander mystics
  10 spriggans
  5 iron trolls
  42 deep trolls
  3 glowing orange brains
  7 flayed ghosts
  2 unseen horrors
  5 naga ritualists
  An unseen horror (shapeshifter) (Depths:4)
  15 swamp dragons
  A golden dragon zombie (Depths:3)
  10 deep elf archers
  A swamp dragon (shapeshifter) (Depths:4)
  A spriggan druid (Swamp:4)
  6 phantasmal warriors
  2 lindwurms (shapeshifter)
  4 harpies (Vaults:1)
  A lindwurm (Lair:6)
  3 obsidian statues
  4 wizards
  11 ironbrand convokers
  57 deep elf magi
  An orange crystal statue (D:13)
  8 necromancers
  13 orc knights
  A wolf spider (Vaults:4)
  A stone giant zombie (D:15)
  An orb spider (Zig:2)
  44 ugly things
  7 mana vipers
  A tengu skeleton (Depths:3)
  4 cyclopes
  A moth of wrath (Zig:2)
  6 orc sorcerers
  2 salamanders (shapeshifter)
  A sphinx skeleton (Depths:3)
  A stone giant skeleton (Vaults:3)
  9 salamanders
  A cyclops (shapeshifter) (Vaults:2)
  3 manticores
  8 elephants
  A fire giant zombie (D:15)
  A centaur zombie (D:15)
  11 vault sentinels
  Maurice (D:9)
  2 ice statues (IceCv)
  An apocalypse crab (Zig:4)
  A guardian serpent (shapeshifter) (Vaults:1)
  20 naga magi
  A torpor snail (Lair:6)
  17 spiny frogs
  A water nymph (shapeshifter) (Zig:4)
  An eye of devastation (Gauntlet)
  40 black mambas
  A guardian serpent (Snake:3)
  5 gargoyles
  2 orange demons (Depths:2)
  A spiny frog (shapeshifter) (Vaults:3)
  A torpor snail (shapeshifter) (Vaults:2)
  A hellion (Zig:5)
  45 yaktaurs
  6 komodo dragons
  A yaktaur (shapeshifter) (Vaults:2)
  2 kobold demonologists
  3 freezing wraiths
  4 rime drakes
  9 ice devils (IceCv)
  5 guardian mummies (Zig:7)
  3 red devils (Depths:2)
  3 tengu conjurers
  A wind drake (shapeshifter) (Depths:5)
  A jumping spider (Vaults:4)
  3 meliai (D:15)
  A troll (shapeshifter) (Depths:1)
  A merfolk (D:10)
  9 tyrant leeches
  8 trolls
  A polar bear (Lair:5)
  14 hornets
  A raiju (shapeshifter) (D:14)
  9 blink frogs
  2 bog bodies (Swamp:1)
  A raiju (Zig:3)
  75 slime creatures
  8 dream sheep (Lair:6)
  12 hippogriffs
  A spriggan zombie (D:15)
  3 spriggans (shapeshifter)
  A fire dragon skeleton (D:15)
  A flying skull (Zig:7)
  6 redbacks
  5 shadows
  A tarantella (Vaults:4)
  A tarantella (shapeshifter) (Vaults:1)
  3 wyverns
  4 air elementals
  8 water elementals
  3 fire elementals
  10 wraiths
  3 ushabtiu (Zig:7)
  3 hogs
  7 humans (D:13)
  3 basilisks
  A chaos spawn (Zig:4)
  A fire bat (shapeshifter) (Depths:1)
  29 yaks
  4 fire bats (Lair:6)
  A golden eye (Gauntlet)
  Grum (D:9)
  A basilisk (shapeshifter) (Vaults:3)
  3 hungry ghosts
  10 vampire mosquitoes
  A steam dragon (D:12)
  3 wargs
  A redback simulacrum (D:15)
  67 nagas
  Edmund (D:4)
  10 insubstantial wisps
  10 swamp worms
  2 acid dragons
  10 water moccasins
  6 floating eyes
  13 porcupines
  A swamp drake (shapeshifter) (Vaults:3)
  35 orc warriors
  5 ice beasts
  9 swamp drakes
  A black bear (D:7)
  3 sky beasts
  3 eyes of draining
  4 necrophages
  27 ogres
  20 boggarts
  An ettin simulacrum (Vaults:2)
  2 phantoms
  6 wolves
  A tengu (Bailey)
  22 centaurs
  13 crocodiles
  2 elf zombies (D:9)
  2 big kobolds
  7 earth elementals
  18 bullfrogs
  An elf skeleton (D:9)
  2 scorpions
  A water moccasin skeleton (D:6)
  11 wights
  3 killer bees (D:9)
  3 howler monkeys
  2 electric eels
  14 crimson imps
  2 bullfrog zombies
  8 hounds
  A human simulacrum (Vaults:3)
  A quasit (D:7)
  A gnoll shaman (D:6)
  5 jellies
  7 centaur skeletons
  28 orc priests
  5 human zombies
  A bullfrog skeleton (D:12)
  An iron imp (Depths:2)
  Terence (D:3)
  An iguana (D:4)
  24 orc wizards
  A hell rat (Lair:6)
  12 worker ants
  A hound zombie (D:9)
  6 mummies
  A worker ant zombie (D:7)
  A howler monkey skeleton (D:7)
  8 adders
  7 gnolls
  5 shadow imps
  10 white imps
  5 ufetubi (IceCv)
  An ooze (D:5)
  An adder skeleton (D:8)
  4 worms
  5 dart slugs
  A leopard gecko (D:7)
  107 orcs
  2 ball pythons
  7 giant cockroaches
  9 goblins
  4 hobgoblins
  12 jackals
  18 kobolds
  8 quokkas
  8 bats
  4 frilled lizards
  An orc skeleton (D:9)
  An orc zombie (D:9)
  9 rats
  3 fungi
  2 plants (Lair:6)
  8 withered plants (D:15)
2113 creatures vanquished.

Vanquished Creatures (collateral kills)
  Erolcha (D:10)
  A lindwurm (Lair:6)
  An orc warrior (Bailey)
  2 howler monkeys (D:10)
  An iguana (D:10)
  A hound zombie (D:10)
7 creatures vanquished.

Vanquished Creatures (others)
  A reaper (IceCv)
  A tyrant leech (Swamp:3)
  3 humans (D:13)
  An ogre (D:12)
  2 centaurs
  A killer bee (D:9)
  5 white imps (IceCv)
  2 ufetubi (IceCv)
  3 bushes (Lair:1)
  3 fungi (Lair:6)
  20 plants
  4 withered plants (D:15)
46 creatures vanquished.

Grand Total: 2166 creatures vanquished

Notes
Turn   | Place    | Note
-------+----------+-------------------------------------------
     0 | D:1      | Johnny the Demigod Earth Elementalist began the quest for
                  | the Orb.
     0 | D:1      | Reached XP level 1. HP: 14/14 MP: 5/5
   205 | D:1      | Reached skill level 3 in Earth Magic
   552 | D:1      | Reached XP level 2. HP: 20/20 MP: 7/7
  1388 | D:2      | Reached XP level 3. HP: 25/26 MP: 7/9
  2403 | D:2      | Reached skill level 4 in Earth Magic
  2679 | D:3      | Noticed Terence
  3165 | D:3      | Found a blossoming altar of Fedhas.
  3170 | D:3      | Reached XP level 4. HP: 33/33 MP: 10/10
  3387 | D:3      | Found a faded altar of an unknown god.
  3457 | D:3      | Noticed a moth of wrath
  3595 | D:4      | Noticed Edmund
  3616 | D:4      | Killed Edmund
  3616 | D:4      | Reached skill level 5 in Earth Magic
  3616 | D:4      | Reached XP level 5. HP: 13/38 MP: 0/12
  3918 | D:4      | Found a burning altar of Makhleb.
  4082 | D:4      | Reached XP level 6. HP: 44/45 MP: 14/14
  4353 | D:3      | Reached skill level 10 in Earth Magic
  4353 | D:3      | Reached XP level 7. HP: 50/50 MP: 15/21
  4362 | D:3      | Killed Terence
  4481 | D:3      | Found a bloodstained altar of Trog.
  4631 | D:5      | Entered Level 5 of the Dungeon
  4986 | D:5      | Found a hide-covered altar of Uskayaw.
  4986 | D:5      | Found an ancient bone altar of Kikubaaqudgha.
  5281 | D:6      | Found Qawkaryu's Assorted Antiques.
  5300 | D:6      | Found Utely's Book Boutique.
  5521 | D:6      | Found an opulent altar of Gozag.
  5529 | D:6      | Noticed a gargoyle
  5713 | D:6      | Learned a level 3 spell: Stone Arrow
  5719 | D:6      | Learned a level 5 spell: Lee's Rapid Deconstruction
  5724 | D:6      | Learned a level 4 spell: Petrify
  5733 | D:6      | Found Zour's Book Shop.
  5802 | D:6      | Reached skill level 11 in Earth Magic
  6164 | D:6      | Found a shattered altar of Ashenzari.
  6164 | D:6      | Found a snail-covered altar of Cheibriados.
  6168 | D:6      | Found a radiant altar of Vehumet.
  6170 | D:6      | Found a sparkling altar of Nemelex Xobeh.
  6171 | D:6      | Found a sacrificial altar of Ru.
  6172 | D:6      | Found an ornate altar of the Wu Jian Council.
  6174 | D:6      | Found a shadowy altar of Dithmenos.
  6317 | D:6      | Found Amituomui's General Store.
  6344 | D:6      | Bought 12 stones for 15 gold pieces
  6455 | D:6      | Killed a gargoyle
  6455 | D:6      | Reached XP level 8. HP: 57/57 MP: 16/22
  6501 | D:7      | Found a staircase to the Ecumenical Temple.
  8190 | D:8      | Noticed a hippogriff
  8194 | D:8      | Killed a hippogriff
  8194 | D:8      | Reached XP level 9. HP: 62/62 MP: 14/24
  8748 | D:8      | Noticed a fire dragon
  8773 | D:9      | Reached skill level 12 in Earth Magic
  8924 | D:9      | Noticed Grum
  8924 | D:9      | Noticed Maurice
  8935 | D:9      | Killed Grum
  8944 | D:9      | Killed Maurice
  9703 | D:9      | Found an iron altar of Okawaru.
 10134 | D:9      | Reached XP level 10. HP: 67/69 MP: 26/26
 10219 | D:9      | Found a basalt altar of Yredelemnul.
 10328 | D:9      | Reached skill level 1 in Shields
 10404 | D:10     | Entered Level 10 of the Dungeon
 10456 | D:10     | Noticed Erolcha
 10460 | D:10     | Noticed a two-headed ogre
 10473 | D:10     | Killed Erolcha
 10821 | D:10     | Reached skill level 13 in Earth Magic
 11048 | D:10     | Noticed DerDa's ghost (journeyman OpFE)
 11239 | D:10     | Found a runed translucent door.
 11403 | D:10     | Killed a two-headed ogre
 11612 | D:11     | Found a frozen archway.
 11622 | IceCv    | Entered an ice cave
 11796 | IceCv    | Noticed an ice statue
 11796 | IceCv    | Noticed an ice statue
 11812 | IceCv    | Killed a reaper
 11942 | IceCv    | Killed an ice statue
 11943 | IceCv    | Killed an ice statue
 12050 | IceCv    | Reached XP level 11. HP: 70/74 MP: 2/28
 12857 | D:11     | Noticed a seven-headed hydra
 12862 | D:11     | Killed a seven-headed hydra
 13196 | D:11     | Noticed Urug
 13207 | D:11     | Killed Urug
 13543 | D:11     | Reached skill level 14 in Earth Magic
 13741 | D:11     | Noticed a two-headed ogre
 13751 | D:11     | Killed a two-headed ogre
 14197 | D:11     | Found a staircase to the Orcish Mines.
 14207 | D:11     | Found a roughly hewn altar of Beogh.
 14654 | Orc:1    | Entered Level 1 of the Orcish Mines
 15140 | Orc:2    | Entered Level 2 of the Orcish Mines
 15253 | Orc:2    | Found a runed translucent door.
 15412 | Orc:1    | Noticed Nergalle
 15418 | Orc:1    | Killed Nergalle
 15418 | Orc:1    | Reached skill level 10 in Spellcasting
 15551 | Orc:1    | Found Seovoripoa's Weapon Boutique.
 15689 | Orc:2    | Noticed an orc knight
 15772 | Orc:2    | Killed an orc knight
 15969 | Orc:2    | Found a staircase to the Elven Halls.
 16024 | Orc:2    | Noticed an orc knight
 16170 | Orc:2    | Killed an orc knight
 16340 | Orc:2    | Reached XP level 12. HP: 81/81 MP: 30/30
 16459 | Orc:2    | Reached skill level 15 in Earth Magic
 17155 | Orc:2    | Found Tamuv's Weapon Boutique.
 17155 | Orc:2    | Found Oczyuf's Assorted Antiques.
 17157 | Orc:2    | Found Vesyis's Magic Scroll Boutique.
 17157 | Orc:2    | Found Juumaomown's General Store.
 17165 | Orc:2    | Bought a scroll of identify for 36 gold pieces
 17165 | Orc:2    | Bought a scroll of identify for 36 gold pieces
 17165 | Orc:2    | Bought a scroll of teleportation for 54 gold pieces
 17168 | Orc:2    | Bought a scroll of identify for 24 gold pieces
 17168 | Orc:2    | Bought a scroll of identify for 24 gold pieces
 17168 | Orc:2    | Bought a potion of heal wounds for 60 gold pieces
 17172 | Orc:2    | Bought a scroll of identify for 66 gold pieces
 17172 | Orc:2    | Bought a potion of heal wounds for 165 gold pieces
 17172 | Orc:2    | Bought an embroidered cloak for 247 gold pieces
 17623 | Orc:2    | Found a runed translucent door.
 17634 | Orc:2    | Found the +10 tower shield of Ignorance {rN+ Int-4}
 17757 | D:12     | Found a gate leading to a gauntlet.
 17786 | D:12     | Noticed a centaur warrior
 17792 | Gauntlet | Entered a Gauntlet
 17792 | Gauntlet | Found a transporter.
 17792 | Gauntlet | Found a transporter.
 17896 | Gauntlet | Noticed a death ooze
 17898 | Gauntlet | Found a runed translucent door.
 17899 | Gauntlet | Found a transporter.
 17900 | Gauntlet | Found a runed translucent door.
 17911 | Gauntlet | Found a transporter.
 17929 | Gauntlet | Found a transporter.
 17929 | Gauntlet | Found a transporter.
 17931 | Gauntlet | Found a transporter.
 17931 | Gauntlet | Found a transporter.
 17942 | Gauntlet | Found a transporter.
 17958 | Gauntlet | Found a transporter.
 17968 | Gauntlet | Found a transporter.
 17985 | Gauntlet | Found a transporter.
 18002 | Gauntlet | Found a transporter.
 18002 | Gauntlet | Found a transporter.
 18358 | Gauntlet | Got a glittering lead ring
 18368 | Gauntlet | Got a clouded steel amulet
 18370 | Gauntlet | Identified the amulet "Vaelaupn" {Faith rF+ Str-4 Int+2
                  | SInv} (You found it in a Gauntlet)
 18372 | Gauntlet | Identified the ring of Zodwul {*Contam rElec rC+ Str+4
                  | Stlth+} (You found it in a Gauntlet)
 18482 | Gauntlet | Noticed a minotaur
 18485 | Gauntlet | Killed a minotaur
 18582 | Gauntlet | Learned a level 2 spell: Blink
 18586 | Gauntlet | Learned a level 3 spell: Mephitic Cloud
 18598 | D:12     | Noticed a five-headed hydra
 18747 | D:12     | Reached skill level 16 in Earth Magic
 18895 | D:11     | Killed a centaur warrior
 18903 | D:12     | Killed a five-headed hydra
 19198 | D:12     | Reached XP level 13. HP: 86/86 MP: 7/33
 20002 | D:13     | Identified a scroll of acquirement
 20003 | D:13     | Acquired the +2 pair of boots of Transparent Surprise {rC+}
 20040 | D:13     | Noticed Snorg
 20055 | D:13     | Killed Snorg
 20091 | D:13     | Noticed Kirke
 20378 | D:13     | Found a runed translucent door.
 20389 | D:13     | Found a runed translucent door.
 20498 | D:13     | Found a runed translucent door.
 20527 | D:13     | Found a flagged portal.
 20535 | Bailey   | Entered a bailey
 21604 | Bailey   | Got a twisted spear
 22031 | D:13     | Noticed Frances
 22041 | D:13     | Killed Frances
 22046 | D:13     | Noticed Rupert
 22074 | D:13     | Reached skill level 17 in Earth Magic
 22077 | D:13     | Found a runed translucent door.
 22557 | D:13     | Found a gate to the Vaults.
 23114 | D:8      | Found a staircase to the Lair.
 23236 | D:6      | Bought a book of the Earth for 845 gold pieces
 23243 | D:6      | Learned a level 6 spell: Iron Shot
 23329 | Lair:1   | Entered Level 1 of the Lair of Beasts
 23343 | Lair:1   | Learned a level 9 spell: Shatter
 26453 | Lair:3   | Found a staircase to the Swamp.
 27325 | Lair:4   | Reached XP level 14. HP: 81/93 MP: 13/35
 27500 | Lair:4   | Found a staircase to the Snake Pit.
 27776 | Lair:4   | Reached skill level 18 in Earth Magic
 29030 | Lair:5   | Noticed Josephine
 29040 | Lair:5   | Killed Josephine
 29422 | Lair:5   | Found a viscous altar of Jiyva.
 29422 | Lair:5   | Found a staircase to the Slime Pits.
 29718 | Slime:1  | Entered Level 1 of the Pits of Slime
 29718 | Slime:1  | Noticed an azure jelly
 29738 | Lair:6   | Entered Level 6 of the Lair of Beasts
 32767 | D:10     | Killed DerDa's ghost
 32971 | D:13     | Killed Kirke
 32971 | D:13     | Reached skill level 19 in Earth Magic
 33288 | D:13     | Killed Rupert
 33486 | D:14     | Noticed Louise
 33500 | D:14     | Killed Louise
 33724 | D:14     | Got a scorched falchion
 33862 | D:14     | Noticed Nessos
 33866 | D:14     | Killed Nessos
 34061 | D:14     | Reached XP level 15. HP: 89/99 MP: 37/37
 34421 | D:15     | Entered Level 15 of the Dungeon
 34991 | Snake:1  | Entered Level 1 of the Snake Pit
 37178 | Snake:2  | Found a runed translucent gate.
 37179 | Snake:2  | Found a runed translucent gate.
 37179 | Snake:2  | Found an opulent altar of Gozag.
 37181 | Snake:2  | Found a runed translucent gate.
 37230 | Snake:2  | Noticed a nagaraja
 37231 | Snake:2  | Noticed Bymiel's ghost (adept MiFi)
 37232 | Snake:2  | Found Kagrewn's Assorted Antiques.
 37766 | Snake:2  | Reached skill level 20 in Earth Magic
 38036 | Snake:2  | Noticed a nagaraja
 38038 | Snake:2  | Killed a nagaraja
 38811 | Snake:2  | Killed a nagaraja
 39311 | Snake:2  | Killed Bymiel's ghost
 39540 | Snake:2  | Bought a scroll of fear for 119 gold pieces
 39540 | Snake:2  | Bought a scroll of identify for 68 gold pieces
 39541 | Snake:2  | Identified the +7 spear of Beyond {drain, rC+ Dex+2 SInv
                  | Stlth+} (You found it in a bailey)
 40849 | Snake:3  | Reached XP level 16. HP: 88/105 MP: 26/39
 42277 | Snake:4  | Entered Level 4 of the Snake Pit
 42460 | Snake:4  | Gained mutation: You are weak. (Str -2) [mutagenic glow]
 42835 | Snake:4  | Reached skill level 21 in Earth Magic
 44113 | Snake:4  | Identified the +8 falchion of Dull Resourcefulness
                  | {antimagic, MR+} (You found it on level 14 of the Dungeon)
 45656 | Snake:4  | Got a serpentine rune of Zot
 45887 | Swamp:1  | Entered Level 1 of the Swamp
 45940 | Swamp:1  | Reached skill level 15 in Spellcasting
 48874 | Swamp:2  | Got a shimmering jade ring
 48944 | Swamp:2  | Identified the ring "Xyicigil" {rElec rC+ rCorr} (You found
                  | it on level 2 of the Swamp)
 49020 | Swamp:2  | Gained mutation: Your body sometimes deteriorates upon
                  | taking damage. [mutagenic glow]
 49103 | Swamp:2  | Reached skill level 22 in Earth Magic
 49283 | Swamp:3  | Reached XP level 17. HP: 74/111 MP: 11/41
 49422 | Swamp:3  | Noticed Aizul
 49432 | Swamp:3  | Killed Aizul
 49617 | Swamp:3  | Found a shadowy altar of Dithmenos.
 50480 | Swamp:4  | Entered Level 4 of the Swamp
 51202 | Swamp:4  | Noticed the 27-headed Lernaean hydra
 51212 | Swamp:4  | Killed the 27-headed Lernaean hydra
 52440 | Swamp:4  | Got a decaying rune of Zot
 52922 | Orc:2    | Bought a potion of flight for 36 gold pieces
 52922 | Orc:2    | Bought a potion of resistance for 120 gold pieces
 52922 | Orc:2    | Bought a scroll of acquirement for 624 gold pieces
 52922 | Orc:2    | Bought a ration for 60 gold pieces
 52924 | Orc:2    | Acquired the amulet "Kaerrokho" {Acrobat MR+ Int+4 Dex-5
                  | Slay+2}
 52930 | Orc:2    | Bought a scroll of vulnerability for 135 gold pieces
 52930 | Orc:2    | Bought a scroll of holy word for 135 gold pieces
 52930 | Orc:2    | Bought a scroll of summoning for 171 gold pieces
 52935 | Orc:2    | Bought a potion of flight for 99 gold pieces
 52985 | Elf:1    | Entered Level 1 of the Elven Halls
 53587 | Elf:1    | Found Mesk's Antique Armour Shoppe.
 53635 | Elf:1    | Bought a crude robe for 165 gold pieces
 53635 | Elf:1    | Bought a fine scale mail for 261 gold pieces
 53636 | Elf:1    | Identified the +2 robe "Aguodgham" {Str-3 Int+4 SInv
                  | Stlth+} (You bought it in a shop on level 1 of the Elven
                  | Halls)
 53643 | Elf:1    | Identified the +1 scale mail of the Cricket {rF+ Dex+4}
                  | (You bought it in a shop on level 1 of the Elven Halls)
 54267 | Elf:2    | Found a runed translucent gate.
 54312 | Elf:2    | Reached skill level 23 in Earth Magic
 54480 | Elf:2    | Found a runed translucent gate.
 54485 | Elf:2    | Noticed harness's ghost (journeyman DrTm)
 54542 | Elf:2    | Found a runed translucent gate.
 54543 | Elf:2    | Found an opulent altar of Gozag.
 54543 | Elf:2    | Found Otaloziv's Assorted Antiques.
 54546 | Elf:2    | Found Iwigent's Assorted Antiques.
 54628 | Elf:2    | Found a runed translucent gate.
 54628 | Elf:2    | Found a runed translucent gate.
 54661 | Elf:2    | Found Enoitautha's Food Emporium.
 54772 | Elf:2    | Found a runed translucent gate.
 54876 | Elf:2    | Killed harness's ghost
 55014 | Elf:2    | Reached XP level 18. HP: 109/117 MP: 18/44
 55595 | Elf:3    | Entered Level 3 of the Elven Halls
 56314 | Elf:3    | Identified the ring "Iphuet" {*Tele rElec rN+}
 56526 | Elf:3    | Reached skill level 24 in Earth Magic
 56826 | Elf:3    | Identified the Tome of the Trout
 56984 | Elf:3    | Learned a level 2 spell: Shroud of Golubria
 57113 | Elf:2    | Bought a ration for 55 gold pieces
 57113 | Elf:2    | Bought a ration for 55 gold pieces
 57113 | Elf:2    | Bought a ration for 55 gold pieces
 57113 | Elf:2    | Bought a ration for 55 gold pieces
 57113 | Elf:2    | Bought a ration for 55 gold pieces
 57113 | Elf:2    | Bought a ration for 55 gold pieces
 57113 | Elf:2    | Bought a ration for 55 gold pieces
 57113 | Elf:2    | Bought a ration for 55 gold pieces
 57113 | Elf:2    | Bought a ration for 55 gold pieces
 57164 | Elf:2    | Bought a potion of mutation for 272 gold pieces
 57318 | Vaults:1 | Entered Level 1 of the Vaults
 58330 | Vaults:1 | Reached XP level 19. HP: 123/123 MP: 34/46
 60724 | Vaults:2 | Got an encrusted quarterstaff
 60732 | Vaults:2 | Identified the cursed +1 quarterstaff of Havoc {vorpal, rN+
                  | Str-2 Int+6} (You found it on level 2 of the Vaults)
 61085 | Vaults:2 | Reached skill level 25 in Earth Magic
 61212 | Vaults:2 | Identified the +8 chain mail "Tenuv" {rF+}
 62494 | Vaults:3 | Reached skill level 1 in Fighting
 62720 | Vaults:3 | Found a staircase to the Crypt.
 62914 | Vaults:3 | Identified the +2 kite shield of Reason {+Inv}
 62914 | Vaults:3 | Noticed Donald
 62920 | Vaults:3 | Reached XP level 20. HP: 123/144 MP: 10/48
 62921 | Vaults:3 | Killed Donald
 63653 | Vaults:4 | Reached skill level 5 in Fighting
 64899 | Vaults:4 | Found Mucer's Distillery.
 64907 | Vaults:4 | Bought a potion of heal wounds for 75 gold pieces
 64907 | Vaults:4 | Bought a potion of ambrosia for 120 gold pieces
 64907 | Vaults:4 | Bought a potion of magic for 120 gold pieces
 64907 | Vaults:4 | Bought a potion of haste for 150 gold pieces
 64907 | Vaults:4 | Bought a potion of brilliance for 60 gold pieces
 64907 | Vaults:4 | Bought a potion of lignification for 45 gold pieces
 64907 | Vaults:4 | Bought a potion of brilliance for 60 gold pieces
 64907 | Vaults:4 | Bought a potion of curing for 45 gold pieces
 65811 | Vaults:4 | Found a shimmering altar of Xom.
 65890 | Vaults:5 | Entered Level 5 of the Vaults
 65895 | Vaults:5 | Noticed a golden dragon
 66297 | D:15     | Found a staircase to the Depths.
 66317 | D:15     | Reached skill level 10 in Fighting
 66404 | Depths:1 | Entered Level 1 of the Depths
 66408 | Depths:1 | Reached XP level 21. HP: 163/168 MP: 17/50
 67804 | Depths:1 | Found a gateway to Hell.
 67976 | Depths:1 | Found Udyit's Gadget Boutique.
 67976 | Depths:1 | Found Zitom's Jewellery Shoppe.
 67977 | Depths:1 | Found Ziad's Jewellery Shoppe.
 67993 | Depths:1 | Bought an uncursed ring of magical power for 220 gold
                  | pieces
 68247 | Depths:1 | Found a one-way gate leading to the halls of Pandemonium.
 68376 | Depths:2 | Noticed a juggernaut
 68378 | Depths:2 | Killed a juggernaut
 68641 | Depths:2 | Found a shattered altar of Ashenzari.
 69852 | Depths:2 | Noticed a juggernaut
 69856 | Depths:2 | Reached XP level 22. HP: 154/185 MP: 14/53
 69862 | Depths:2 | Killed a juggernaut
 70098 | Depths:2 | Noticed a juggernaut
 70198 | Depths:1 | Killed a juggernaut
 70852 | Depths:2 | Reached skill level 5 in Shields
 71453 | Depths:2 | Got a steaming helmet
 71465 | Depths:2 | Identified the cursed +0 helmet of Weryq {Dex+2} (You found
                  | it on level 2 of the Depths)
 71883 | Depths:3 | Paralysed by a floating eye for 2 turns
 72124 | Depths:3 | Found a one-way gate to the infinite horrors of the Abyss.
 72674 | Depths:3 | Noticed a juggernaut
 72695 | Depths:3 | Killed a juggernaut
 72810 | Depths:3 | Reached skill level 10 in Shields
 72847 | Depths:3 | Identified the +3 broad axe of Inconvenience {elec, rN+++
                  | Str-4 Int+4 Stlth+}
 73191 | Depths:3 | Identified the ring of Entrepreneurial Spirit {+Fly rF+
                  | Stlth+}
 73456 | Depths:3 | Identified the Almanac of Bewitchment
 74287 | Depths:3 | Reached XP level 23. HP: 194/194 MP: 45/54
 75712 | Depths:4 | Reached skill level 15 in Shields
 76047 | Depths:4 | Found a gateway to a ziggurat.
 76910 | Depths:5 | Entered Level 5 of the Depths
 76910 | Depths:5 | Noticed a juggernaut
 76913 | Depths:5 | Killed a juggernaut
 77186 | Depths:5 | Noticed a juggernaut
 77192 | Depths:5 | Killed a juggernaut
 77399 | Depths:5 | Paralysed by a floating eye for 2 turns
 77617 | Depths:5 | Reached XP level 24. HP: 185/202 MP: 47/55
 77705 | Depths:5 | Learned a level 5 spell: Borgnjor's Vile Clutch
 77911 | Depths:5 | Found a gate to the Realm of Zot.
 78570 | Zig:1    | Entered Level 1 of a ziggurat
 78587 | Zig:2    | Entered Level 2 of a ziggurat
 78666 | Zig:3    | Entered Level 3 of a ziggurat
 78729 | Zig:4    | Entered Level 4 of a ziggurat
 78758 | Zig:5    | Entered Level 5 of a ziggurat
 78761 | Zig:5    | Noticed Qubohoif the pandemonium lord
 78765 | Zig:5    | Killed Qubohoif the pandemonium lord
 78770 | Zig:5    | Found the ring of the Mage {Wiz MR++ Int+3}
 78841 | Zig:6    | Entered Level 6 of a ziggurat
 78857 | Zig:6    | Got an encrusted kite shield
 78863 | Zig:6    | Identified the +2 kite shield "Sudaufy" {MR++ Dex+2} (You
                  | found it on level 6 of a ziggurat)
 78869 | Zig:7    | Entered Level 7 of a ziggurat
 78888 | Zig:7    | Noticed a greater mummy
 78888 | Zig:7    | Noticed a greater mummy
 78891 | Zig:7    | Killed a greater mummy
 78891 | Zig:7    | HP: 7/202 [something (18)]
 78892 | Zig:7    | Killed from afar by a greater mummy

Illustrated notes

Levels and vault maps discovered:
D:1:      dpeg_arrival_refuge, layout_basic
D:2:      layout_basic
D:3:      layout_loops_ring, tgw_trog, fedhas_altar_2, first_ration,
          chequers_ecumenical_altar_grove, uniq_terence
D:4:      layout_rooms, bloody_makhleb, uniq_edmund
D:5:      layout_cave_pools, gammafunk_temple_overflow_elements,
          minmay_misc_feat_rows
D:6:      layout_basic, minitemple, serial_shops, nicolae_shop_behind_doors,
          shop, shop, shop, grunt_gozag_statues
D:7:      layout_cave_pools, minmay_temple_entry_statues_fountains
D:8:      layout_loops_ring, minmay_lair_entry_lava
D:9:      layout_loops_corners, lemuel_mausoleum_altar_yredelemnul,
          okawaru_gym_becter, uniq_maurice, uniq_grum
D:10:     layout_cave_pools, hellmonk_ghost_happy_afterlife,
          hangedman_fish_farm, uniq_erolcha
D:11:     layout_loops_corners, minmay_orc_entry_temple_small,
          portal_ice_cave_entry_pillars_2, uniq_urug
D:12:     layout_gridville, gauntlet_entry_generic
D:13:     layout_stronghold, ximxim_vaults_locker_room,
          lightli_bailey_entry_fortress, minmay_statue_crystal_thing,
          uniq_rupert, uniq_kirke, uniq_snorg, uniq_frances
D:14:     layout_basic, minmay_tree_intersection, uniq_louise, uniq_nessos
D:15:     gammafunk_depths_entry_grave, layout_long_grid,
          hangedman_decor_riveting
Lair:1:   layout_cave_pods, serial_forest, infiniplex_forest_end_2,
          infiniplex_forest_lined_3_way, infiniplex_forest_side_room,
          infiniplex_forest_zigzag_1, infiniplex_forest_end_double,
          infiniplex_forest_lined_room_3, infiniplex_forest_straight_3,
          infiniplex_forest_fountain, infiniplex_forest_end_2,
          minmay_lair_oklob_bushes
Lair:2:   layout_long_grid, minivault_27, grunt_megastairs_3,
          infiniplex_staircase_pool
Lair:3:   layout_regular_city, swamp_mist_pool, chequers_serial_rivers_large_a
Lair:4:   layout_cave_pods, guppyfry_snake_entry_island, serial_bayou_shore_b,
          serial_bayou_shore_a, lemuel_fruit_tree
Lair:5:   layout_loops_ring, slime_altar_1, grunt_megastairs_2,
          serial_bayou_shore_b, lemuel_fruit_fields, serial_bayou_shore_b,
          uniq_josephine
Lair:6:   hangedman_lair_in_review, layout_gridlike, serial_bayou_pond_a,
          chequers_serial_rivers_micro_a
Swamp:1:  layout_falls_marsh, evilmike_swamp_ruin_house_4
Swamp:2:  layout_falls_marsh, hangedman_swamp_blocks
Swamp:3:  layout_basic_swamp, nicolae_swamp_godswood, uniq_aizul
Swamp:4:  swamp_old_school, layout_basic_swamp, swamp_pool1,
          nicolae_swamp_feature_on_the_river_bank
Snake:1:  layout_grid_maze
Snake:2:  layout_misc_corridors, ebering_ghost_gozag, st_stairs_10
Snake:3:  layout_honeycomb, hangedman_snake_wide_pillar_pass, drop_trap
Snake:4:  minmay_snake_end_coiled, layout_concentric_octagons,
          grunt_ministairs_8, drop_trap
Slime:1:  layout_caves, cheibrodos_slime_lost_civilization_5
Orc:1:    layout_caves, serial_shops, shop, uniq_nergalle
Orc:2:    grunt_orc_tribal_feast, layout_diamond_mine,
          chequers_guarded_unrand_ignorance
Elf:1:    layout_rooms, serial_shops, nicolae_shop_crystal,
          hangedman_elf_disciples
Elf:2:    layout_loops_cross, serial_shops, nicolae_shop_statue_plus,
          ebering_ghost_gozag, drop_trap
Elf:3:    elf_hall_gauntlet_narrow, layout_geoelf_grid
Vaults:1: hangedman_vaults_stream, v_alt_pattern_2,
          nicolae_vaults_ninety_degrees, ontoclasm_vaults_gateway,
          grunt_vaults_twisty, hangedman_vaults_stitches, v_alt_pattern_2,
          ontoclasm_vaults_bender, vaults_room_ringed_pool, vaults_dpeg_spiral,
          nicolae_vaults_circle_grid_a, ontoclasm_vaults_loading_screen,
          serial_ice_h, v_misc_22, layout_vaults_maze_bifur
Vaults:2: dpeg_vaults_waves, hangedman_vaults_corner_blocks,
          nicolae_vaults_three_branches, nicolae_vaults_little_squares_2,
          v_misc_9, v_alt_pattern_3, v_misc_24, v_misc_17,
          layout_vaults_big_room
Vaults:3: v_misc_14, nicolae_vaults_bisected_inception, v_misc_13,
          vaults_mumra_minichess, nicolae_vaults_little_ls,
          hangedman_vaults_pinch, vaults_room_pool, hangedman_vaults_trim,
          grunt_vaults_funnel, minmay_crypt_entry_simple_box, v_misc_8,
          v_misc_31, vaults_standard_mumra_enter_the_diamond,
          layout_vaults_ring, uniq_donald
Vaults:4: nicolae_vaults_triangles, vaults_room_octagon,
          hangedman_vaults_river_flow, vaults_room_grid, vaults_dpeg_ring,
          v_misc_14, v_misc_18, v_misc_24, nicolae_vaults_theta, v_misc_2,
          vaults_dpeg_diagonal, nicolae_vaults_mini_display_case,
          hangedman_vaults_capsules, vaults_room_pool, nicolae_vaults_meeting,
          ontoclasm_vaults_ligature, layout_vaults_omnicross, serial_shops,
          shop, basic_altar
Vaults:5
Depths:1: layout_cave_shapes, hell_entry, grunt_pan_entry_sceptre,
          minmay_misc_feat_pillars, drop_trap, corexii_hall_statues_l,
          hangedman_stitches_earthworm, infiniplex_staircase_pool_lava,
          minmay_shop_grove
Depths:2: grunt_twisty_corner, layout_cave_pools,
          grunt_hell_entry_demonic_statue, ashenzari_altar_1,
          minmay_staircase_windowed_large
Depths:3: minmay_the_grid_square_5x5_4x4 [minmay_the_grid_square_5x5_six,
          minmay_the_grid_square_5x5_inner_v,
          minmay_the_grid_square_5x5_doubleslash,
          minmay_the_grid_square_5x5_tetrominoes,
          minmay_the_grid_square_5x5_dogpile,
          minmay_the_grid_square_5x5_prize_deathbox,
          minmay_the_grid_square_5x5_prize_gold,
          minmay_the_grid_square_5x5_corner,
          minmay_the_grid_square_5x5_tri_point,
          minmay_the_grid_square_5x5_prize_rear_guard,
          minmay_the_grid_square_5x5_prize_open,
          minmay_the_grid_square_5x5_spiral, minmay_the_grid_square_5x5_bite,
          minmay_the_grid_square_5x5_slash,
          minmay_the_grid_square_5x5_checkered_statues,
          minmay_the_grid_square_5x5_detours], layout_gridlike,
          hangedman_abyss_entry_splay, hell_entry, pan_entry,
          serial_bayou_pond_e
Depths:4: grunt_runaround [grunt_runaround_doors_1, grunt_runaround_doors_2,
          grunt_runaround_doors_3, grunt_runaround_doors_4,
          grunt_runaround_loot], abyss_entry, hell_entry
Depths:5: evilmike_zot_entry_round, layout_gridlike,
          serial_sigils_hangedman_confine, hell_entry
Zig:7

Skill      XL: |  1  2  3  4  5  6  7  8  9 10 11 12 13 14 15 16 17 18 19 20 21 22 23 24 |
---------------+-------------------------------------------------------------------------+-----
Earth Magic    | 3 4 5 10 11 12 13 14 16 17 19 20 22 23 24 25 | 25.2
Spellcasting   | 2 3 7 8 9 10 11 12 13 14 15 16 17 18 19 20 21 | 21.8
Shields        | 3 4 12 16 17 | 17.2
Fighting       | 4 10 13 | 13.9
Dodging        | |  1.7
Stealth        | |  1.7
Transmutations | |  0.8

Action                   |  1- 3 |  4- 6 |  7- 9 | 10-12 | 13-15 | 16-18 | 19-21 | 22-24 || total
-------------------------+-------+-------+-------+-------+-------+-------+-------+-------++-------
Melee: Unarmed           |    29 |       |       |       |     1 |       |       |       ||    30
       Short sword       |   112 |    22 |       |       |       |       |       |       ||   134
       Whip              |       |     8 |   228 |   161 |       |       |       |       ||   397
       Spear             |       |       |       |   130 |       |       |       |       ||   130
       Staff             |       |       |       |     5 |   520 |    36 |    79 |    10 ||   650
Throw: Stone             |       |       |       |     1 |     4 |     2 |     3 |     4 ||    14
 Cast: Sandblast         |    29 |    41 |    56 |    73 |   135 |    47 |    26 |     1 ||   408
       Stone Arrow       |       |       |    24 |   114 |   151 |     1 |       |     1 ||   291
       Lee's Rapid Decon |       |       |    19 |   117 |   140 |   115 |    63 |    65 ||   519
       Petrify           |       |       |     5 |    22 |    11 |       |     1 |     1 ||    40
       Blink             |       |       |       |     2 |     3 |     9 |    10 |    15 ||    39
       Iron Shot         |       |       |       |       |   199 |   403 |   337 |   338 ||  1277
       Shatter           |       |       |       |       |       |    28 |    88 |    59 ||   175
Evoke: Wand              |       |       |     3 |    16 |    49 |    17 |    16 |     6 ||   107
       Phial of floods   |       |       |       |       |     2 |     1 |       |     1 ||     4
       Box of beasts     |       |       |       |       |       |       |       |     3 ||     3
  Use: Scroll            |       |     6 |     7 |    14 |    15 |    20 |    16 |    12 ||    90
       Potion            |       |     1 |     2 |     2 |     6 |     7 |    12 |     2 ||    32
 Stab: Sleeping          |     9 |       |     6 |     5 |     9 |       |       |       ||    29
       Petrified         |       |       |     4 |    22 |     6 |       |       |       ||    32
       Petrifying        |       |       |     1 |       |       |       |       |       ||     1
       Distracted        |       |       |       |     1 |     1 |       |       |     1 ||     3
       Confused          |       |       |       |       |       |     1 |       |       ||     1
  Eat: Chunk             |     6 |     4 |    16 |    17 |    55 |    14 |    46 |    24 ||   182
       Ration            |       |       |     2 |     9 |    14 |    26 |     8 |     9 ||    68
Armor: Robe              |    44 |    20 |    93 |    77 |       |       |       |       ||   234
       Troll leather arm |       |       |       |    51 |   415 |    88 |   129 |    72 ||   755
       Skin              |       |       |       |       |     3 |       |       |       ||     3
       Swamp dragon scal |       |       |       |       |       |    18 |       |       ||    18
Dodge: Dodged            |   121 |    35 |   173 |   175 |   540 |   170 |   177 |   121 ||  1512
       Repelled          |       |       |       |       |       |    38 |    36 |    28 ||   102
Block: Buckler           |       |       |       |   107 |   402 |    87 |   140 |    54 ||   790
       Kite shield       |       |       |       |       |       |       |       |    62 ||    62
